 Dungeon Crawl Stone Soup version 0.30-a0-142-g7370640ec8 (webtiles) character file.

Game seed: 11122212364183339466

604 Aibolit the Trooper (level 7, -14/60 HPs)
             Began as a Ghoul Monk on Sept 26, 2022.
             Demolished by an ogre
             ... wielding a +0 giant club
              (16 damage)
             ... on level 5 of the Dungeon.
             The game lasted 00:10:06 (3603 turns).

Aibolit the Trooper (Ghoul Monk)                    Turns: 3603, Time: 00:10:06

Health: -14/60     AC: 16    Str: 15    XL:     7   Next: 42%
Magic:  6/6        EV:  7    Int:  5    God:
Gold:   139        SH:  0    Dex: 13    Spells: 6/6 levels left

rFire   . . .      SeeInvis .    a - +0 mace
rCold   + . .      Faith    .    (no shield)
rNeg    + + +      Spirit   .    g - +0 chain mail
rPois   ∞          Reflect  .    n - +0 helmet
rElec   .          Harm     .    v - +0 cloak
rCorr   .          Rampage  .    (no gloves)
Will    .....                    q - +0 pair of boots
Stlth   ..........               (no amulet)
HPRegen 0.00/turn                i - +4 ring of protection
MPRegen 0.10/turn                (no ring)

@: inhibited regen
A: claws 1, cold resistance 1, negative energy resistance 3, inhibited
regeneration, torment resistance 2, devour on kill
a: no special abilities


You were on level 5 of the Dungeon.
You visited 1 branch of the dungeon, and saw 5 of its levels.

You collected 139 gold pieces.

Inventory:

Hand Weapons
 a - a +0 mace (weapon)
 m - a +0 scythe
Armour
 b - a +0 robe
 d - a +0 ring mail
 f - a +0 leather armour
 g - a +0 chain mail (worn)
 n - a +0 helmet (worn)
 q - a +0 pair of boots (worn)
 v - a +0 cloak (worn)
Magical Staves
 t - a staff of earth
Jewellery
 i - a +4 ring of protection (left claw)
Scrolls
 e - a scroll of amnesia
 j - 4 scrolls of teleportation
 r - a scroll of enchant weapon
 s - a scroll of magic mapping
Potions
 c - a potion of ambrosia
 h - 3 potions of degeneration {unknown}
 k - a potion of heal wounds {unknown}
 l - a potion of lignification {unknown}
 o - 2 potions of might
 p - 2 potions of flight {unknown}
 u - 2 potions of invisibility {unknown}


   Skills:
 + Level 4.7 Fighting
 + Level 4.6 Maces & Flails
 + Level 2.8 Polearms
 + Level 3.2 Armour
 + Level 3.4 Dodging
 + Level 2.3 Stealth


You had 6 spell levels left.
You didn't know any spells.
Your spell library contained the following spells:

 Spells                   Type           Power      Damage    Failure   Level
 Frozen Ramparts          Ice            0%         1d1       100%        3
 Summon Ice Beast         Ice/Summ       0%         N/A       100%        4
 Ice Form                 Ice/Tmut       Unusable   N/A       N/A         4

Dungeon Overview and Level Annotations

Branches:
Dungeon (5/15)
 Temple: D:4-7

Altars:
Kikubaaqudgha
Qazlal
Xom

Shops:
D:4 :


Innate Abilities, Weirdness & Mutations

You are immune to poison.
You have sharp fingernails.
Your flesh is cold resistant. (rC+)
You are immune to negative energy. (rN+++)
You do not regenerate when monsters are visible.
You are immune to unholy pain and torment.
You thrive by killing the living.


Message History

The scorpion is moderately wounded.
The scorpion stings you but does no damage. x2
You hit the scorpion.
The scorpion is heavily wounded.
The scorpion barely misses you.
You hit the scorpion.
The scorpion is almost dead.
The scorpion stings you but does no damage.
You sock the scorpion!
You kill the scorpion!
You see here a scorpion corpse.
You start resting.
HP restored.
You start waiting.
Done waiting.
There is a stone staircase leading down here.
You climb downwards.
The ogre barely misses you.
There is a stone staircase leading up here.
You hit the ogre.
The ogre is lightly wounded.
The ogre hits you with a +0 giant club!
You sock the ogre!
The ogre is heavily wounded.
The ogre hits you with a +0 giant club!
You are too injured to fight recklessly!
You are too injured to fight recklessly!
You hit the ogre.
The ogre is heavily wounded.
The ogre hits you with a +0 giant club!!
* * * LOW HITPOINT WARNING * * *
You hit the ogre.
The ogre is severely wounded.
You barely miss the ogre.
The ogre is severely wounded.
The ogre hits you with a +0 giant club.
* * * LOW HITPOINT WARNING * * *
You hit the ogre but do no damage.
The ogre is severely wounded.
The ogre hits you with a +0 giant club!
You die...

# .# #. . ?. #.##.# #
#.##########..... .###
#.............#.##...
.######...######.#....#
....^.........@..#....#
...............O.#....## .
.. .......................#.
...
.######...######..#.#..#.#..
#...# #.......#...... #...#
#.##..#....#.# #...# #
#......... #...# ##.#....##
#...### ###.......#


You could see an ogre.

Vanquished Creatures
  Sigmund (D:2)
  An ice beast (D:4)
  A black bear (D:4)
  A phantom (D:5)
  A scorpion (D:4)
  A jelly (D:4)
  Terence (D:2)
  An adder (D:4)
  A shadow imp (D:5)
  A worm (D:2)
  A dart slug (D:1)
  2 orcs
  2 bats (D:2)
  6 endoplasms
  3 giant cockroaches
  5 goblins
  3 hobgoblins
  3 jackals (D:1)
  2 quokkas
  8 ball pythons
  A frilled lizard (D:3)
  5 kobolds
  3 rats
54 creatures vanquished.

Vanquished Creatures (others)
  A plant (D:3)
1 creature vanquished.

Grand Total: 55 creatures vanquished

Notes
Turn   | Place    | Note
-------+----------+-------------------------------------------
     0 | D:1      | Aibolit the Ghoul Monk began the quest for the Orb.
     0 | D:1      | Reached XP level 1. HP: 19/19 MP: 0/0
   167 | D:1      | Reached XP level 2. HP: 14/26 MP: 1/1
   733 | D:2      | Found a faded altar of an unknown god.
   735 | D:2      | Noticed a shining eye
   735 | D:2      | Noticed Sigmund
   737 | D:2      | Noticed a floating eye
   756 | D:2      | Killed Sigmund
   757 | D:2      | Reached skill level 1 in Armour
   757 | D:2      | Reached XP level 3. HP: 15/33 MP: 2/2
   757 | D:2      | Reached XP level 4. HP: 18/40 MP: 3/3
   757 | D:2      | Reached XP level 5. HP: 21/46 MP: 4/4
   757 | D:2      | Noticed an eye of devastation
   757 | D:2      | Noticed a great orb of eyes
  1160 | D:2      | Noticed Terence
  1166 | D:2      | Killed Terence
  1426 | D:2      | Reached XP level 6. HP: 52/52 MP: 5/5
  1896 | D:4      | Found Iskeogh's Book Shop.
  1945 | D:4      | Noticed an ice beast
  1960 | D:4      | Killed an ice beast
  1961 | D:4      | Reached skill level 1 in Polearms
  2047 | D:4      | Found a stormy altar of Qazlal.
  2273 | D:4      | Noticed a black bear
  2286 | D:4      | Killed a black bear
  2363 | D:4      | Found an ancient bone altar of Kikubaaqudgha.
  2466 | D:4      | Reached XP level 7. HP: 51/60 MP: 6/6
  2979 | D:4      | Found a shimmering altar of Xom.
  3149 | D:5      | Entered Level 5 of the Dungeon
  3602 | D:5      | HP: 2/60 [ogre/+0 giant club (6)]
  3603 | D:5      | Demolished by an ogre

Illustrated notes

Levels and vault maps discovered:
D:1:      dpeg_arrival_radiant, layout_basic
D:2:      layout_loops_corners, hellmonk_ecumenical_altar_watching_god,
          uniq_terence, uniq_sigmund
D:3:      layout_loops_corners, mainiacjoe_overflow_surrounded_room,
          grunt_ministairs_15, serial_bayou_pond_e, nicolae_eternal_life,
          nicolae_elevator_lobby_plus
D:4:      layout_basic, nicolae_overflow_hidden_temple, grunt_qazlal_sundering,
          nicolae_kikubaaqudgha_miasma_corner, nicolae_kite_square_tiling_tiny,
          nicolae_stop_n_shop_2
D:5:      layout_loops_cross, minmay_crystal_water, chequers_jeans

Skill      XL: |  1  2  3  4  5  6  7 |
---------------+----------------------+-----
Maces & Flails | 3 4 |  4.6
Fighting       | 4 |  4.7
Armour         | 1 2 3 |  3.2
Dodging        | 3 |  3.4
Polearms       | 2 |  2.8
Stealth        | |  2.3

Action                   |  1- 3 |  4- 6 |  7- 9 || total
-------------------------+-------+-------+-------++-------
Melee: Mace              |    75 |     9 |    69 ||   153
       Punch             |     3 |       |     2 ||     5
       Halberd           |       |   123 |       ||   123
  Use: Scroll            |       |     5 |       ||     5
       Potion            |       |     2 |       ||     2
Armor: Ring mail         |    12 |       |       ||    12
       Chain mail        |    57 |    98 |    38 ||   193
Dodge: Dodged            |    35 |    44 |    22 ||   101

Table legend: (Time is in decaauts)
 A = Elapsed time spent in this place.
 B = Non-inter-level travel time spent in this place.
 C = Inter-level travel time spent in this place.
 D = Time resting spent in this place.
 E = Time spent auto-exploring this place.
 F = Levels seen in this place.
 G = Mean time per level.
                   A        B        C        D        E       F      G
               +--------+--------+--------+--------+--------+-----+--------+
         Total |   3693 |   1716 |   1977 |   1072 |      0 |   5 |  738.6 |
       Dungeon |   3693 |   1716 |   1977 |   1072 |      0 |   5 |  738.6 |
               +--------+--------+--------+--------+--------+-----+--------+

Top non-repeatable levels by time:
     D:4: 1535 daAuts
     D:2: 818 daAuts
     D:1: 742 daAuts
     D:3: 389 daAuts
     D:5: 206 daAuts
